 Dungeon Crawl Stone Soup version 0.21.1-1-g345015fe64 (webtiles) character file.

6516 Jannitor the Covert (level 11, -12/75 HPs)
             Began as a Halfling Assassin on June 5, 2018.
             Was a Follower of Uskayaw.
             Mangled by a large slime creature (39 damage)
             ... on level 9 of the Dungeon.
             The game lasted 00:26:25 (10619 turns).

Jannitor the Covert (Halfling Assassin)            Turns: 10619, Time: 00:26:25

Health: -12/75     AC:  9    Str: 15    XL:     11   Next: 20%
Magic:  16/16      EV: 14    Int:  9    God:    Uskayaw [*.....]
Gold:   121        SH:  0    Dex: 17    Spells: 10/10 levels left

rFire    + . .     SeeInvis .   a - +2 dagger (venom)
rCold    . . .     Gourm    .   (shield restricted)
rNeg     . . .     Faith    .   I - +2 robe
rPois    +         Spirit   .   B - +0 helmet
rElec    +         Reflect  .   d - +0 cloak
rCorr    .         Harm     .   (no gloves)
MR       ++...     Rnd*Rage +   J - +2 pair of boots of the Morning Star {rElec Int+3}
Stlth    ++++......             M - necklace of Bloodlust {*Rage +Rage MR++ Int-3 Slay+6 *Curse} (curse)
HPRegen  0.22/turn              y - ring of protection from fire
MPRegen  0.15/turn              s - ring of poison resistance

@: no status effects
A: small, mutation resistance 1
a: Stomp, Renounce Religion, Evoke Berserk Rage


You were on level 9 of the Dungeon.
You worshipped Uskayaw.
Uskayaw was noncommittal.
You were hungry.

You visited 1 branch of the dungeon, and saw 9 of its levels.

You collected 455 gold pieces.
You spent 334 gold pieces at shops.

Inventory:

Hand Weapons
 a - a +2 dagger of venom (weapon)
 b - a +0 blowgun
 o - a cursed +0 rapier
 r - a +2 dagger
 x - a +1 short sword of flaming
Missiles
 e - 59 poisoned needles
 f - 13 curare-tipped needles
 D - a throwing net (quivered)
Armour
 d - a +0 cloak (worn)
 i - a +0 pair of boots
 B - a +0 helmet (worn)
 I - a +2 robe (worn)
 J - the +2 pair of boots of the Morning Star (worn) {rElec Int+3}
   (You bought it in a shop on level 4 of the Dungeon)

   It affects your intelligence (+3).
   It insulates you from electricity.
Jewellery
 s - a ring of poison resistance (right hand)
 u - a +3 ring of strength
 v - an uncursed ring of protection from magic
 y - a ring of protection from fire (left hand)
 H - an uncursed ring of protection from magic
 M - the cursed necklace of Bloodlust (around neck) {*Rage +Rage MR++ Int-3 Slay+6 *Curse}
   (You found it on level 8 of the Dungeon)

   [amulet of rage]

   It affects your intelligence (-3).
   It affects your accuracy and damage with ranged weapons and melee attacks
   (+6).
   It affects your resistance to hostile enchantments.
   It lets you go berserk.
   It may make you go berserk in combat.
   It curses itself when equipped.
   It has a curse placed upon it.
Wands
 E - a wand of enslavement (41)
Scrolls
 h - 4 scrolls of teleportation
 j - 5 scrolls of identify
 m - 2 scrolls of amnesia
 n - 4 scrolls of remove curse
 q - 3 scrolls of magic mapping
 w - 2 scrolls of blinking {unknown}
 L - a scroll of enchant armour {unknown}
 N - a scroll of fog
Potions
 c - 2 potions of agility
 k - 4 potions of invisibility
 l - 3 potions of heal wounds
 p - a potion of resistance
 t - 3 potions of ambrosia
 z - a potion of mutation
 A - a potion of haste
 C - a potion of cancellation {unknown}
 F - a potion of flight {unknown}
 G - a potion of curing {unknown}
Books
 K - a book of Changes

   Spells                             Type                      Level
   a - Beastly Appendage              Transmutation                1
   b - Sticks to Snakes               Transmutation                2
   c - Spider Form                    Transmutation/Poison         3
   d - Ice Form                       Ice/Transmutation            4
   e - Blade Hands                    Transmutation                5
Comestibles
 g - 8 rations


   Skills:
 + Level 7.0 Fighting
 + Level 9.2 Short Blades
 + Level 7.6 Throwing
 - Level 1.1 Dodging
 + Level 9.8 Stealth
 + Level 7.7 Invocations


You had 10 spell levels left.
You didn't know any spells.

Dungeon Overview and Level Annotations

Branches:
Dungeon (9/15)             Temple (0/1) D:4
   Lair: D:8-11         Orc: D:9-12

Altars:
Elyvilon
Hepliaklqana
Nemelex Xobeh
Uskayaw
Wu Jian
Zin

Shops:
D:4 =([}

Annotations:
D:4 1 runed door


Innate Abilities, Weirdness & Mutations

You are small and have problems with some larger weapons.
You are somewhat resistant to further mutation.


Message History

The slime creature hits you.
You puncture the slime creature!
The slime creature is moderately wounded.
You hit the slime creature.
The slime creature is moderately wounded.
The slime creature hits you!
You hit the slime creature.
The slime creature is moderately wounded.
You puncture the slime creature!
The slime creature is heavily wounded.
The slime creature hits you! The slime creature hits you.
* * * LOW HITPOINT WARNING * * *
Two slime creatures merge to form a large slime creature.
You can now pass through a line of other dancers.
Two slime creatures merge to form a large slime creature.
You can no longer pass through a line of other dancers.
A slime creature suddenly becomes a large slime creature.
The large slime creature hits you!!!
Ouch! That really hurt!
You die...

###### #....#
###)##.#
.#########.[[##.#
.........J@.[.<.#
##########.##.######
#...ZJ..J..##.#
#.#####.....#)#
#.....#.###.#<# #
#J.#.##.##..#.#
#.##.#....##.##.#
#...Z#######.##.#
####.# #....#


You could see a large slime creature.

Vanquished Creatures
  Erolcha (D:9)
  A two-headed ogre (D:8)
  The ghost of Niraks the Cleaver, a novice HOBe of Trog (D:8)
  Pikel (D:5)
  Grinder (D:5)
  Sigmund (D:6)
  A wyvern (D:8)
  A hungry ghost (D:7)
  A water moccasin (D:7)
  The ghost of strelocc the Sneak, an amateur OpEn (D:3)
  2 orc warriors
  3 sky beasts
  A phantom (D:4)
  An eye of draining (D:8)
  2 slaves (D:5)
  6 ogres
  A centaur (D:8)
  Blork the orc (D:6)
  5 bullfrogs
  A scorpion (D:5)
  12 killer bees
  A howler monkey (D:5)
  5 crimson imps
  2 bullfrog zombies
  2 bullfrog skeletons
  A jelly (D:8)
  A quasit (D:6)
  3 hounds
  An orc priest (D:5)
  2 orc wizards (D:9)
  A centaur skeleton (D:4)
  Ijyb (D:4)
  4 iguanas
  7 worker ants
  A killer bee zombie (D:9)
  4 gnolls (D:6)
  9 adders
  2 shadow imps
  An ooze (D:3)
  An adder zombie (D:5)
  An adder skeleton (D:4)
  A worm (D:4)
  2 dart slugs (D:1)
  3 leopard geckos
  16 orcs
  A ball python (D:3)
  A giant cockroach (D:5)
  14 goblins
  7 hobgoblins
  8 jackals
  3 quokkas
  11 bats
  4 frilled lizards
  A jackal skeleton (D:4)
  9 kobolds
  A quokka skeleton (D:5)
  A quokka zombie (D:8)
  7 rats
185 creatures vanquished.

Notes
Turn   | Place    | Note
-------+----------+-------------------------------------------
     0 | D:1      | Jannitor the Halfling Assassin began the quest for the Orb.
     0 | D:1      | Reached XP level 1. HP: 14/14 MP: 1/1
    87 | D:1      | Reached XP level 2. HP: 16/19 MP: 2/2
   556 | D:1      | Reached XP level 3. HP: 24/24 MP: 3/3
  1041 | D:2      | Reached XP level 4. HP: 10/30 MP: 4/4
  1317 | D:2      | Found a hide-covered altar of Uskayaw.
  1338 | D:2      | Became a worshipper of Uskayaw the Reveler
  1361 | D:2      | Reached * piety under Uskayaw
  1555 | D:2      | Reached skill level 5 in Stealth
  1924 | D:3      | Noticed strelocc's ghost (amateur OpEn)
  2240 | D:3      | Reached XP level 5. HP: 22/35 MP: 5/5
  2251 | D:3      | Reached ** piety under Uskayaw
  2460 | D:3      | Killed strelocc's ghost
  2460 | D:3      | Reached skill level 1 in Invocations
  2460 | D:3      | Reached XP level 6. HP: 42/42 MP: 5/7
  2460 | D:3      | Reached *** piety under Uskayaw
  2850 | D:4      | Noticed Ijyb
  3050 | D:4      | Killed Ijyb
  3069 | D:4      | Found a staircase to the Ecumenical Temple.
  3100 | D:4      | Found Vuleb's Antique Weapon Shoppe.
  3123 | D:4      | Bought a glowing short sword for 192 gold pieces
  3135 | D:4      | Found Onuulial's Antique Armour Shoppe.
  3181 | D:4      | Reached XP level 7. HP: 46/46 MP: 8/8
  3186 | D:4      | Found Jiskaoco's Gadget Shop.
  3340 | D:4      | Found Tixt's Jewellery Emporium.
  3533 | D:4      | Found a runed door.
  4012 | D:5      | Entered Level 5 of the Dungeon
  4993 | D:4      | Reached skill level 5 in Short Blades
  5463 | D:4      | Reached XP level 8. HP: 23/54 MP: 10/10
  6045 | D:5      | Noticed Grinder
  6679 | D:5      | Found a sparkling altar of Nemelex Xobeh.
  6836 | D:5      | Noticed Pikel
  6868 | D:5      | Killed Pikel
  6868 | D:5      | Reached skill level 5 in Throwing
  6868 | D:5      | Reached XP level 9. HP: 23/60 MP: 12/12
  7160 | D:5      | Paralysed by Grinder for 3 turns
  7168 | D:5      | Killed Grinder
  7168 | D:5      | Reached skill level 5 in Fighting
  7168 | D:5      | Reached skill level 5 in Invocations
  7470 | D:6      | Noticed Blork the orc
  7475 | D:6      | Killed Blork the orc
  7752 | D:6      | Noticed Sigmund
  7776 | D:6      | Killed Sigmund
  7963 | D:6      | Found an ornate altar of the Wu Jian Council.
  8040 | D:6      | Reached XP level 10. HP: 67/67 MP: 14/14
  8254 | D:6      | Found a glowing silver altar of Zin.
  8873 | D:4      | Bought a pair of crude boots for 142 gold pieces
  8883 | D:4      | Identified the +2 pair of boots of the Morning Star {rElec Int+3} (You bought it in a shop on level 4 of the Dungeon)
  9374 | D:8      | Found the cursed necklace of Bloodlust {*Rage +Rage MR++ Int-3 Slay+6 *Curse}
  9497 | D:8      | Noticed Niraks's ghost (novice HOBe)
  9522 | D:8      | Killed Niraks's ghost
  9648 | D:8      | Found a hazy altar of Hepliaklqana.
  9648 | D:8      | Found a white marble altar of Elyvilon.
  9813 | D:8      | Noticed a two-headed ogre
  9827 | D:8      | Killed a two-headed ogre
  9990 | D:8      | Reached XP level 11. HP: 74/74 MP: 10/16
 10178 | D:9      | Reached **** piety under Uskayaw
 10187 | D:9      | Reached ***** piety under Uskayaw
 10215 | D:9      | Noticed Erolcha
 10353 | D:9      | Killed Erolcha
 10619 | D:9      | Mangled by a large slime creature

Skill      XL: |  1  2  3  4  5  6  7  8  9 10 11 |
---------------+----------------------------------+-----
Fighting       | 2 3 4 5 6 7 |  7.0
Short Blades   | 3 4 5 6 7 8 9 |  9.2
Stealth        | 5 6 7 8 9 |  9.8
Throwing       | 3 4 5 6 7 |  7.6
Invocations    | 1 2 3 4 5 7 |  7.7
Dodging        | |  1.1

Action                   |  1- 3 |  4- 6 |  7- 9 | 10-12 || total
-------------------------+-------+-------+-------+-------++-------
Melee: Dagger            |    73 |   153 |   343 |   170 ||   739
 Fire: Blowgun           |     1 |     2 |    16 |    34 ||    53
Invok: Stomp             |       |       |     1 |     2 ||     3
Evoke: Wand              |       |       |     6 |       ||     6
  Use: Scroll            |     1 |       |    11 |       ||    12
       Potion            |       |     1 |     3 |     1 ||     5
 Stab: Sleeping          |     6 |     9 |     5 |     9 ||    29
       Invisible         |       |     1 |       |       ||     1
       Paralysed         |       |       |     5 |     6 ||    11
  Eat: Chunk             |       |     4 |     5 |     4 ||    13
       Ration            |       |     1 |     3 |     1 ||     5
Armor: Robe              |    15 |    26 |    51 |    25 ||   117
       Skin              |       |       |     3 |       ||     3
Dodge: Dodged            |    35 |    95 |   199 |    84 ||   413
